[Event "FIDE World Cup O12-A 2024"]
[Site "Batumi"]
[Date "2024.06.27"]
[Round "5.1"]
[White "Obidov, Biloliddin"]
[Black "Syed Abdul Khader"]
[Result "1-0"]
[ECO "E01"]
[WhiteElo "1998"]
[BlackElo "2050"]
[Annotator "NA RC"]
[PlyCount "117"]
[EventDate "2024.06.23"]
[EventType "swiss"]
[EventCountry "GEO"]
[SourceTitle "playchess.com"]
[Source "ChessBase"]
[SourceQuality "1"]
[TimeControl "5400+30"]

1. d4 d5 2. Nf3 Nf6 3. c4 e6 4. g3 dxc4 5. Qa4+ Bd7 6. Qxc4 c5 {[%emt 0:00:16] E01: Catalan: Early deviations.} 7. Nc3 {[%emt 0:02:09] 7.dxc5 is becoming the main line.} Bc6 8. dxc5 Nbd7 9. Be3 Rc8 10. Bg2 Nd5 ({Black should play} 10... Bxc5 $11 11. Bxc5 Bxf3 12. Bxf3 Rxc5) 11. Nxd5 Bxd5 $11 {[%emt 0:00:16] is superior.} 12. Qa4 $146 (12. Qc3 Be7) ({Predecessor:} 12. Qg4 h5 13. Qf4 Bxc5 14. Bxc5 Rxc5 15. O-O O-O 16. e4 Bc6 17. Nd4 e5 18. Nxc6 Rxc6 {0-1 Kurajica,B (2580)-Kovacevic,V (2520) Solin 6th 1998 (6)}) 12... Bc6 13. Qc4 (13. Qxa7 $2 {too greedy.} Ra8 $19) ({White should play} 13. Qf4 $14) 13... Be7 14. O-O O-O 15. b4 b6 16. a4 Bf6 (16... bxc5 $11 17. b5 (17. Bxc5 Nxc5 18. bxc5 Bd5 $17) (17. bxc5 Bd5 $11) 17... Nb6) 17. Ra3 (17. Rac1 $16) 17... bxc5 18. b5 ({But not} 18. Bxc5 Nxc5 19. bxc5 Qa5 $15) 18... Bd5 19. Qc2 Nb6 20. Nd2 Bd4 (20... Bxg2 $11 {should be considered.} 21. Kxg2 c4) 21. Bxd5 Nxd5 22. Nc4 Qf6 $16 (22... Bxe3 $14 23. Nxe3 c4) 23. Bd2 Rfd8 24. e3 Be5 25. e4 Nb4 26. Qc1 h6 27. Qb1 Bd4 28. a5 Qe7 29. Rb3 Rb8 30. Bxb4 cxb4 31. Rxb4 Bc5 32. Rb3 Rd4 33. Ne5 Rd2 34. Nc6 Bxf2+ 35. Rxf2 Qc5 36. Qe1 Rxf2 37. Qxf2 Rxb5 38. Qxc5 Rxc5 39. Rb8+ Kh7 40. Rc8 a6 41. Kf2 e5 42. Kf3 h5 43. Kg2 g5 44. Kh3 Kh6 45. Ne7 Rxa5 46. Rh8+ Kg7 47. Rxh5 Ra4 48. Nf5+ Kg8 49. Rxg5+ Kf8 50. Rh5 Kg8 51. Rh6 Rxe4 52. Rxa6 Re1 53. Kg4 Re2 54. h4 e4 55. Kg5 Rf2 56. Kh6 f6 57. Kg6 Rd2 58. Ra8+ Rd8 59. Rxd8# 1-0

[Event "FIDE World Cup O12-A 2024"]
[Site "Batumi"]
[Date "2024.06.27"]
[Round "5.2"]
[White "Siddhanth Poonja"]
[Black "Guo, Ethan"]
[Result "0-1"]
[ECO "D02"]
[WhiteElo "1958"]
[BlackElo "2136"]
[Annotator "RC"]
[PlyCount "82"]
[EventDate "2024.06.23"]
[EventType "swiss"]
[EventCountry "GEO"]
[SourceTitle "playchess.com"]
[Source "ChessBase"]
[SourceQuality "1"]
[TimeControl "5400+30"]

1. d4 Nf6 2. Bf4 d5 3. Nf3 c5 4. e3 Nc6 5. Nbd2 Bg4 6. c3 e6 7. Qb3 Qc8 8. Nh4 Qd7 9. h3 Bh5 10. g4 Bg6 11. Nxg6 hxg6 12. Bg2 cxd4 13. exd4 Be7 14. Nf3 Ne4 15. Ne5 Nxe5 16. Bxe5 O-O 17. Bxe4 dxe4 18. O-O-O Bh4 19. d5 exd5 20. Rxd5 Qc6 21. Bd4 Rad8 22. Rc5 Qd6 23. Qc2 Qf4+ 24. Kb1 Qf3 25. Re1 Rfe8 26. a4 Qxh3 27. g5 Qf3 28. Qe2 Qg2 29. Qf1 Qf3 30. Qh1 Qd3+ 31. Ka1 Rxd4 32. cxd4 Bxf2 33. Rc3 Bxe1 34. Qxe1 Qxd4 35. Rh3 Qxa4+ 36. Ra3 Qd4 37. Qh4 Qd1+ 38. Ka2 Qd5+ 39. Ka1 e3 40. Rc3 e2 41. Rc1 e1=Q 0-1

[Event "FIDE World Cup O12-A 2024"]
[Site "Batumi"]
[Date "2024.06.27"]
[Round "5.3"]
[White "Wang, Ted"]
[Black "Yin, Zeming"]
[Result "1-0"]
[ECO "B25"]
[WhiteElo "2034"]
[BlackElo "1832"]
[Annotator "NA RC"]
[PlyCount "133"]
[EventDate "2024.06.23"]
[EventType "swiss"]
[EventCountry "GEO"]
[SourceTitle "playchess.com"]
[Source "ChessBase"]
[SourceQuality "1"]
[TimeControl "5400+30"]

1. e4 c5 2. Nf3 Nc6 3. d3 g6 4. g3 Bg7 5. Bg2 d6 6. O-O Nf6 7. Nc3 {[%emt 0:01:04] 7.Re1 gains popularity.} e5 {[%emt 0:01:45] B25: Closed Sicilian: 3 g3, lines without early Be3.} 8. Nd2 Bg4 9. f3 Be6 10. Nc4 d5 $146 ({Predecessor:} 10... O-O 11. Ne3 d5 12. exd5 Nxd5 13. Nexd5 Bxd5 14. Nxd5 Qxd5 15. f4 Qd4+ 16. Kh1 exf4 {½-½ Fressinet,L (2652)-Abasov,N (2632) FIDE World Cup 2023 (2.4)}) 11. exd5 Nxd5 12. Ne4 O-O 13. Nxc5 Bc8 14. Kh1 (14. c3 $14) 14... Nb6 (14... Qe7 $11 {is more appropriate.} 15. Ne4 f5) 15. Nxb6 Qxb6 16. Na4 Qd4 17. Nc3 Be6 18. f4 h5 (18... Rae8 $11) 19. fxe5 Nxe5 20. Qe1 (20. Bg5 $16) 20... Rae8 (20... Rac8 $11) 21. Be3 Qb4 $1 22. Qc1 Ng4 {[%emt 0:04:11] [#]} 23. a3 ({Better is} 23. Bf4 $1 $16) 23... Qa5 24. Bg5 Qb6 25. h3 $16 Nf2+ 26. Kh2 Bxh3 27. Rxf2 Qxf2 28. Kxh3 Bxc3 29. bxc3 f6 30. Qf4 fxg5 31. Qxg5 Qf5+ 32. Qxf5 Rxf5 33. Bxb7 Rf2 34. Be4 Rxc2 35. c4 Rxe4 36. dxe4 Rxc4 37. Re1 Rc3 38. a4 g5 39. Rd1 Rc7 40. Rd5 Rg7 41. e5 Re7 42. e6 Rxe6 43. Rxg5+ Kf7 44. Rxh5 Ra6 45. a5 Kg6 46. Rb5 Rf6 47. Kg4 Rc6 48. Kh4 Rc4+ 49. g4 Ra4 50. Kg3 Ra3+ 51. Kf4 Kf6 52. Rf5+ Kg6 53. Rc5 Ra1 54. Rc6+ Kf7 55. a6 Ke8 56. Kf5 Kd7 57. Rf6 Ke7 58. g5 Ke8 59. Kg6 Ra5 60. Kh6 Ke7 61. Rg6 Kf8 62. Rc6 Ke8 63. g6 Ra1 64. g7 Rh1+ 65. Kg6 Rg1+ 66. Kh7 Kf7 67. g8=Q+ 1-0

[Event "FIDE World Cup O12-A 2024"]
[Site "Batumi"]
[Date "2024.06.27"]
[Round "5.4"]
[White "Bulgak, Damir"]
[Black "Mamikonyan, Artem T"]
[Result "1-0"]
[ECO "B14"]
[WhiteElo "1931"]
[BlackElo "1855"]
[Annotator "NA RC"]
[PlyCount "81"]
[EventDate "2024.06.23"]
[EventType "swiss"]
[EventCountry "GEO"]
[SourceTitle "playchess.com"]
[Source "ChessBase"]
[SourceQuality "1"]
[TimeControl "5400+30"]

1. e4 c6 2. d4 d5 3. exd5 cxd5 4. c4 Nf6 5. Nc3 g6 6. cxd5 Nxd5 7. Bc4 Nb6 8. Bb5+ Bd7 9. Be2 Bg7 10. Nf3 O-O 11. O-O e6 12. Bg5 Qc7 13. Qd2 Bc6 14. Ne5 $11 f6 15. Nxc6 Nxc6 16. Bf4 Qd7 17. Rad1 Rad8 18. Qe3 a6 19. Bf3 Nxd4 20. Rxd4 Qxd4 21. Qxe6+ Kh8 22. Be3 Qd6 23. Qxd6 Rxd6 24. Bc5 Nc4 25. Bxd6 Nxd6 26. Rd1 Rd8 27. Na4 f5 28. b3 Nf7 29. Rc1 b5 30. Nc5 Rc8 31. Bb7 Rc7 32. b4 Nd6 33. Bxa6 Rc6 34. Rd1 Bc3 35. a3 Bb2 36. Rd3 Bc1 37. Kf1 Rb6 38. f3 Nc4 39. a4 Ba3 40. Bxb5 Bxb4 41. Nd7 1-0

[Event "FIDE World Cup O12-A 2024"]
[Site "Batumi"]
[Date "2024.06.27"]
[Round "5.5"]
[White "Yang, ZiLong"]
[Black "Sobirov, Afruzbek"]
[Result "1-0"]
[ECO "C11"]
[WhiteElo "1874"]
[BlackElo "1789"]
[Annotator "NA RC"]
[PlyCount "93"]
[EventDate "2024.06.23"]
[EventType "swiss"]
[EventCountry "GEO"]
[SourceTitle "playchess.com"]
[Source "ChessBase"]
[SourceQuality "1"]
[TimeControl "5400+30"]

1. e4 e6 2. d4 d5 3. Nc3 Nf6 4. e5 Nfd7 5. f4 c5 6. Nf3 Nc6 7. Be3 Qb6 8. Na4 Qa5+ 9. c3 b6 10. Bd2 c4 11. b4 Nxb4 {[%emt 0:02:22] 11...Qa6 is not played anymore. C11: French: Classical System: 4 e5 and 4 Bg5 dxe4.} 12. cxb4 Bxb4 13. Qc2 Bxd2+ 14. Nxd2 b5 15. Nc3 b4 16. Nd1 Qb6 17. Nf3 O-O 18. Be2 a5 19. O-O Nb8 20. Nf2 $146 ({Predecessor:} 20. Ne3 Nc6 21. Rfd1 f6 22. exf6 gxf6 23. Qd2 a4 24. f5 Kh8 25. Kh1 Ne7 26. fxe6 Bxe6 {½-½ Cole,S (2215)-Gittens,M (2167) EU-ch 2022 pr03 email}) 20... Nc6 21. Qd2 Ba6 22. Qe3 b3 (22... Rfb8 $11) 23. a3 Rab8 (23... Rfb8 $11) 24. Rab1 $11 Qa7 25. Ng4 Ne7 26. Qc3 a4 27. Ne3 Nf5 28. Nxf5 exf5 29. Rb2 Qe7 30. Ra1 Rfc8 31. g3 h6 32. Bf1 Rb5 33. Nd2 Kh8 34. Bh3 g6 35. Nf3 Rc6 36. Nh4 Bc8 37. Ng2 f6 38. Nh4 Kg7 39. Nf3 g5 40. Bg2 Rc7 41. exf6+ Qxf6 42. Re2 Ba6 43. Rae1 Qd6 44. Re6 Qxa3 45. Qe3 Rf7 46. Qe5+ Kh7 47. Rxh6+ 1-0

[Event "FIDE World Cup O12-A 2024"]
[Site "Batumi"]
[Date "2024.06.27"]
[Round "5.6"]
[White "Kristesiashvili, Andria"]
[Black "Kleschevnikov, Arseny"]
[Result "0-1"]
[ECO "B95"]
[WhiteElo "1728"]
[BlackElo "1895"]
[Annotator "NA RC"]
[PlyCount "78"]
[EventDate "2024.06.23"]
[EventType "swiss"]
[EventCountry "GEO"]
[SourceTitle "playchess.com"]
[Source "ChessBase"]
[SourceQuality "1"]
[TimeControl "5400+30"]

1. e4 c5 2. Nf3 d6 3. d4 cxd4 4. Nxd4 Nf6 5. Nc3 a6 6. Bg5 e6 7. Qf3 Nbd7 8. O-O-O Qc7 9. g4 b5 10. Bg2 Bb7 11. Qe2 Be7 12. Rhe1 (12. a3 $1 $11) 12... b4 13. Nb1 O-O $17 14. Bd2 Nc5 15. f3 a5 16. g5 Ba6 17. Nb5 Bxb5 18. Qxb5 Rfc8 19. c3 Nfd7 20. f4 Rab8 21. Qe2 Na4 22. e5 dxe5 23. Be4 bxc3 24. Bxc3 Rxb2 25. Bxh7+ Kxh7 26. Qh5+ Kg8 27. Rd3 Rxb1+ 28. Kxb1 Nxc3+ 29. Ka1 Qc4 30. Rd2 Na4 31. Rb1 Qc3+ 32. Rdb2 Nxb2 33. Rxb2 Ba3 34. Qe2 Bxb2+ 35. Qxb2 Qe1+ 36. Qb1 Rc1 37. Kb2 Rxb1+ 38. Kc2 e4 39. a4 Qc1# 0-1

[Event "FIDE World Cup O12-A 2024"]
[Site "Batumi"]
[Date "2024.06.27"]
[Round "5.7"]
[White "Haresh, Venkata Narayanaswam"]
[Black "Yerzhanuly Yernur"]
[Result "1-0"]
[ECO "C19"]
[WhiteElo "1728"]
[BlackElo "1810"]
[Annotator "NA RC"]
[PlyCount "161"]
[EventDate "2024.06.23"]
[EventType "swiss"]
[EventCountry "GEO"]
[SourceTitle "playchess.com"]
[Source "ChessBase"]
[SourceQuality "1"]
[TimeControl "5400+30"]

1. e4 e6 2. d4 d5 3. Nc3 Bb4 4. e5 c5 5. a3 Bxc3+ 6. bxc3 Ne7 7. Nf3 b6 8. Bb5+ Bd7 9. Bd3 Ba4 10. h4 c4 11. Be2 h6 12. h5 Kd7 13. Be3 Qg8 14. g4 Qh7 15. Kd2 Na6 16. Nh4 Rhf8 17. f4 f5 18. gxf5 Nxf5 19. Nxf5 Rxf5 20. Rg1 Raf8 21. Rg6 Ke7 22. Bg4 Be8 23. Bxf5 Rxf5 24. Rg2 Bxh5 25. Qg1 Rf7 26. Rg3 Nc7 27. a4 Kf8 28. a5 b5 29. a6 Qe4 30. Kc1 g5 31. fxg5 Bg6 32. Qg2 h5 33. Qd2 Rf1+ 34. Kb2 Rxa1 35. Kxa1 Nxa6 36. Kb2 h4 37. Qf2+ Kg7 38. Rh3 Qf5 39. Rf3 Qg4 40. Rf6 Bf5 41. Rh6 h3 42. g6 Qg2 43. Qxg2 hxg2 44. Rh7+ Kxg6 45. Rxa7 Nb8 46. Ra8 Nc6 47. Rg8+ Kf7 48. Rxg2 b4 49. Bd2 bxc3+ 50. Bxc3 Ne7 51. Ka3 Ng6 52. Kb4 Nf4 53. Rf2 Nh3 54. Rh2 Ng5 55. Bb2 Nf3 56. Rf2 Ng5 57. c3 Ne4 58. Rf4 Kg6 59. Kb5 Kg5 60. Rf1 Ng3 61. Ra1 Kf4 62. Ra6 Ke3 63. Kc6 Kd2 64. Kd7 Ne4 65. Ke7 Nxc3 66. Rxe6 Ne4 67. Rf6 Nxf6 68. Kxf6 Bg4 69. e6 c3 70. Ba3 c2 71. e7 Bd7 72. Ke5 Kc3 73. Kxd5 Be8 74. Kc5 Kd3 75. d5 Ke4 76. Kd6 Bf7 77. Bb2 Kf5 78. Kd7 c1=Q 79. Bxc1 Ke5 80. d6 Kd5 81. Bf4 1-0

[Event "FIDE World Cup O12-A 2024"]
[Site "Batumi"]
[Date "2024.06.27"]
[Round "5.8"]
[White "Nanayakkara, Sanuk"]
[Black "Kozhedub, Ivan"]
[Result "1/2-1/2"]
[ECO "A88"]
[WhiteElo "1714"]
[BlackElo "1778"]
[Annotator "NA RC"]
[PlyCount "51"]
[EventDate "2024.06.23"]
[EventType "swiss"]
[EventCountry "GEO"]
[SourceTitle "playchess.com"]
[Source "ChessBase"]
[SourceQuality "1"]
[TimeControl "5400+30"]

1. Nf3 f5 2. g3 Nf6 3. Bg2 g6 4. O-O Bg7 5. d4 O-O 6. c4 d6 7. Nc3 c6 8. Qc2 Qe8 9. Re1 Nbd7 10. e4 fxe4 11. Nxe4 Nxe4 12. Qxe4 e5 13. dxe5 Nxe5 14. Nxe5 dxe5 15. Bd2 Qf7 16. Qe2 Bg4 17. Qf1 Rad8 18. Bc3 Bf5 19. Re3 Bh6 20. Rxe5 Bd3 21. Qe1 Bxc4 22. Re7 Qf5 23. Bh3 Qf3 24. Bg2 Qf5 25. Bh3 Qf3 26. Bg2 1/2-1/2

[Event "FIDE World Cup O12-A 2024"]
[Site "Batumi"]
[Date "2024.06.27"]
[Round "5.10"]
[White "Lee, Daniel Joshua"]
[Black "Diasamidze, Rati"]
[Result "0-1"]
[ECO "B90"]
[WhiteElo "1717"]
[BlackElo "1646"]
[Annotator "NA RC"]
[PlyCount "82"]
[EventDate "2024.06.23"]
[EventType "swiss"]
[EventCountry "GEO"]
[SourceTitle "playchess.com"]
[Source "ChessBase"]
[SourceQuality "1"]
[TimeControl "5400+30"]

1. e4 c5 2. Nf3 d6 3. d4 cxd4 4. Nxd4 Nf6 5. Nc3 a6 6. f3 e5 7. Nb3 Be6 8. Be3 Be7 9. Qd2 h5 10. O-O-O b5 11. Nd5 Bxd5 12. exd5 Qc7 13. Kb1 Nbd7 14. Na5 Nb6 15. Bxb6 Qxb6 16. Nc6 Bd8 17. Nxd8 Rxd8 18. Qg5 Kf8 19. Bd3 Nxd5 20. Bxb5 Nc3+ 21. bxc3 Qxb5+ 22. Ka1 Qa5 23. Qe3 g6 24. Rb1 Kg7 25. Rb7 Rc8 26. Rhb1 Rxc3 27. Qd2 Qc5 28. Qg5 Qd4 29. R1b2 Rxc2 30. R7b4 Qd1+ 31. Rb1 Qe2 32. R1b2 Rxb2 33. Rxb2 Qe1+ 34. Rb1 Qc3+ 35. Rb2 Rb8 36. Qd2 Qxb2+ 37. Qxb2 Rxb2 38. Kxb2 f5 39. Kc3 e4 40. fxe4 fxe4 41. Kd4 d5 0-1

[Event "FIDE World Cup O12-A 2024"]
[Site "Batumi"]
[Date "2024.06.27"]
[Round "5.11"]
[White "Berdashkevich, Makar"]
[Black "Todua, Andria"]
[Result "1-0"]
[ECO "B33"]
[WhiteElo "1650"]
[BlackElo "1599"]
[Annotator "NA RC"]
[PlyCount "121"]
[EventDate "2024.06.23"]
[EventType "swiss"]
[EventCountry "GEO"]
[SourceTitle "playchess.com"]
[Source "ChessBase"]
[SourceQuality "1"]
[TimeControl "5400+30"]

1. e4 c5 2. Nf3 e6 3. d4 cxd4 4. Nxd4 Nf6 5. Nc3 Nc6 6. Ndb5 d6 7. Bf4 e5 8. Bg5 a6 9. Na3 b5 10. Nd5 Be7 11. Bxf6 Bxf6 12. c3 O-O 13. Nc2 Rb8 14. h4 g6 15. g3 Bg7 16. h5 Be6 17. Nce3 Ne7 18. Bh3 Qd7 19. hxg6 fxg6 20. Nxe7+ Qxe7 21. Bxe6+ Qxe6 22. Qd5 Qf7 23. a3 Kh8 24. Qxf7 Rxf7 25. Rd1 Bf8 26. Nd5 a5 27. Ke2 Ra7 28. Rd3 Rc8 29. Rd2 Ra6 30. Kd3 h5 31. f4 Kg7 32. Rdh2 Kf7 33. f5 gxf5 34. Rf1 Ra7 35. Rxf5+ Kg8 36. Rhxh5 Rg7 37. Rhg5 Rxg5 38. Rxg5+ Kf7 39. Rf5+ Kg7 40. g4 Rc5 41. Ke3 Rc6 42. Rf1 Rc5 43. Ra1 a4 44. Rf1 Rc6 45. Kd3 Rc5 46. Ne3 Rc7 47. Ke2 Rc8 48. Rd1 Kf6 49. Rd5 b4 50. axb4 a3 51. bxa3 Rxc3 52. Rd3 Rc1 53. a4 Rb1 54. b5 Kg5 55. Kf3 Be7 56. Rd5 Ra1 57. b6 Rxa4 58. Rb5 Ra8 59. b7 Rb8 60. Nd5 Bd8 61. Nb4 1-0

[Event "FIDE World Cup O12-A 2024"]
[Site "Batumi"]
[Date "2024.06.27"]
[Round "5.12"]
[White "Li, Yiheng"]
[Black "Tavberidze, Alexandre"]
[Result "1-0"]
[ECO "B12"]
[WhiteElo "1886"]
[BlackElo "1529"]
[Annotator "NA RC"]
[PlyCount "63"]
[EventDate "2024.06.23"]
[EventType "swiss"]
[EventCountry "GEO"]
[SourceTitle "playchess.com"]
[Source "ChessBase"]
[SourceQuality "1"]
[TimeControl "5400+30"]

1. e4 c6 2. d4 d5 3. e5 Bf5 4. Nf3 e6 5. Be2 a6 6. O-O {[%emt 0:00:31] B12: Caro-Kann: Advance Variation.} c5 {[%emt 0:01:34] 6...h6 deserves study.} 7. Be3 cxd4 8. Nxd4 Bg6 9. f4 Ne7 10. g4 Be4 11. Nd2 Nbc6 12. Nxe4 dxe4 13. Nxc6 Nxc6 14. Qxd8+ $146 ({Predecessor:} 14. c3 Qxd1 15. Bxd1 g5 16. Bc2 gxf4 17. Rxf4 Bh6 18. Rxe4 Bxe3+ 19. Rxe3 Rg8 20. Bxh7 Rxg4+ {½-½ Atlas,D (2323)-Kessler,L (2206) AUT-chT2W 1112 2011 (3.3)}) 14... Rxd8 15. c3 Be7 16. Rfd1 O-O (16... g5 $14 {is more appropriate.}) 17. Bf1 f5 (17... g5 $16 {is a better defense.}) 18. Bc4 fxg4 19. Bxe6+ Kh8 20. Bxg4 Rxd1+ 21. Rxd1 Rd8 22. Rxd8+ Nxd8 23. Bf5 g6 24. Bxe4 Kg7 25. Kf2 b5 26. Bd5 Nf7 27. Bb6 Bd8 28. Bxd8 Nxd8 29. Ke3 Kf8 30. Kd4 Ke7 31. Kc5 Kd7 $18 32. Kb6 1-0